 Dungeon Crawl Stone Soup version 0.26-a0-652-gafc20e3620 (webtiles) character file.

Game seed: 3438491382766823684

145 Kraken2834 the Poker (level 5, 0/48 HPs)
             Began as a Minotaur Berserker on Oct 1, 2020.
             Was a Believer of Trog.
             Slain by an orc
             ... wielding a +0 hand axe
              (5 damage)
             ... on level 2 of the Dungeon.
             The game lasted 00:05:32 (1433 turns).

Kraken2834 the Poker (Minotaur Berserker)           Turns: 1433, Time: 00:05:32

Health: 0/48       AC:  2    Str: 22    XL:     5   Next: 6%
Magic:  4/4        EV: 12    Int:  4    God:    Trog [**....]
Gold:   26         SH:  0    Dex: 10    Spells: 4/4 levels left

rFire    . . .     SeeInvis .   a - +0 spear
rCold    . . .     Faith    .   (no shield)
rNeg     . . .     Spirit   .   b - +0 animal skin
rPois    .         Reflect  .   (helmet restricted)
rElec    .         Harm     .   (no cloak)
rCorr    .         Rampage  .   (no gloves)
MR       ++...                  (no boots)
Stlth    +.........             (no amulet)
HPRegen  1.16/turn              (no ring)
MPRegen  0.09/turn              (no ring)

@: lethally poisoned (0 -> 0), berserk cooldown, regenerating, slowed, very slow
A: retaliatory headbutt, horns 2
a: Berserk, Trog's Hand, Renounce Religion


You were on level 2 of the Dungeon.
You worshipped Trog.
Trog was pleased with you.
You visited 1 branch of the dungeon, and saw 2 of its levels.

You collected 26 gold pieces.

Inventory:

Hand Weapons
 a - a +0 spear (weapon)
Armour
 b - a +0 animal skin (worn)
Wands
 f - a wand of paralysis (10)
Scrolls
 c - 2 scrolls of identify
 d - a scroll of remove curse
Potions
 e - a potion of ambrosia


   Skills:
 + Level 5.0 Fighting
 + Level 5.5 Polearms
 + Level 3.1 Armour
 - Level 2.2 Dodging
 + Level 0.6 Stealth


You had 4 spell levels left.
You didn't know any spells.
Your spell library was empty.

Dungeon Overview and Level Annotations

Branches:
Dungeon (2/15)

Altars:


Innate Abilities, Weirdness & Mutations

You reflexively headbutt those who attack you in melee.
You have a pair of horns on your head.


Message History

You closely miss the orc.
The orc is moderately wounded.
You feel sick. The orc hits you with a +0 whip.
The orc hits you with a +0 hand axe.
The orc priest invokes the aid of Beogh against you.
Beogh smites you!
* * * LOW HITPOINT WARNING * * *
The orc closely misses you. You furiously retaliate!
You headbutt the orc.
Your skin crawls.
You feel resistant to hostile enchantments.
The orc hits you with a +0 hand axe.
* * * LOW HITPOINT WARNING * * *
The orc barely misses you. The orc hits you with a +0 hand axe.
* * * LOW HITPOINT WARNING * * *
You barely miss the orc.
The orc is moderately wounded.
The orc hits you with a +0 whip.
* * * LOW HITPOINT WARNING * * *
The orc hits you with a +0 hand axe.
You die...

#######.........#
###......## ###
##...###.+
....####........#
................########
######..................
#..†....##....†.....###.#
..##...##########.#......
####)### #@o....... #.#
#o######## #.. ..o. ###
#.#..8 ###### #......
>..... . ...... ######
##........ ....8...8


You could see an orc priest and 2 orcs.

Vanquished Creatures
  2 orc wizards (D:2)
  A gnoll (D:1)
  5 adders (D:2)
  2 leopard geckos (D:1)
  2 orcs (D:2)
  2 giant cockroaches
  6 goblins
  4 hobgoblins
  3 jackals (D:1)
  A bat (D:1)
  A frilled lizard (D:1)
  A kobold (D:1)
  4 rats
34 creatures vanquished.

Notes
Turn   | Place    | Note
-------+----------+-------------------------------------------
     0 | D:1      | Kraken2834 the Minotaur Berserker began the quest for the
                  | Orb.
     0 | D:1      | Reached XP level 1. HP: 19/19 MP: 0/0
   328 | D:1      | Reached XP level 2. HP: 27/27 MP: 1/1
   846 | D:1      | Reached XP level 3. HP: 29/33 MP: 2/2
  1321 | D:2      | Found a faded altar of an unknown god.
  1406 | D:2      | Reached XP level 4. HP: 41/41 MP: 3/3
  1407 | D:2      | Reached ** piety under Trog
  1413 | D:2      | Reached skill level 5 in Polearms
  1421 | D:2      | Reached skill level 5 in Fighting
  1425 | D:2      | Reached XP level 5. HP: 47/48 MP: 4/4
  1433 | D:2      | Slain by an orc

Illustrated notes

Levels and vault maps discovered:
D:1:      kennysheep_arrival_forest, layout_loops_ring, moated_statue
D:2:      cheibrodos_pilgrimage, layout_rooms, chequers_ecumenical_altar_simple,
          kennysheep_small_spiral, grunt_gozag_statues

Skill      XL: |  1  2  3  4 |
---------------+-------------+-----
Fighting       | 4 5 |  5.0
Polearms       | 4 5 |  5.5
Armour         | 3 |  3.1
Dodging        | |  2.2
Stealth        | |  0.6

Action                   |  1- 3 |  4- 6 || total
-------------------------+-------+-------++-------
Melee: Spear             |    93 |    25 ||   118
       Headbutt          |     8 |     4 ||    12
Invok: Berserk           |     1 |       ||     1
       Trog's Hand       |       |     1 ||     1
  Use: Scroll            |     5 |       ||     5
       Potion            |     2 |       ||     2
Armor: Animal skin       |     6 |     1 ||     7
Dodge: Dodged            |    29 |     7 ||    36

Table legend: (Time is in decaauts)
 A = Elapsed time spent in this place.
 B = Non-inter-level travel time spent in this place.
 C = Inter-level travel time spent in this place.
 D = Time resting spent in this place.
 E = Time spent auto-exploring this place.
 F = Levels seen in this place.
 G = Mean time per level.
                   A        B        C        D        E       F      G
               +--------+--------+--------+--------+--------+-----+--------+
         Total |   1415 |   1379 |     36 |    225 |    934 |   2 |  707.5 |
       Dungeon |   1415 |   1379 |     36 |    225 |    934 |   2 |  707.5 |
               +--------+--------+--------+--------+--------+-----+--------+

Top non-repeatable levels by time:
     D:1: 1163 daAuts
     D:2: 252 daAuts
